TOP OF THE 1ST |
Nashville G-Strings batting - Pitching for Kalamazoo Royale with Cheese : RHP Jason Taylor
|
Pitching: RHP Jason Taylor
|
|
Batting: SHB Jorge Flores
|
0-0: Called Strike 0-1: Ball 1-1: Ball 2-1: Foul Ball, location: 2F 2-2: Foul Ball, location: 2F 2-2: Strikes out swinging
|
Batting: LHB Jesús Núñez
|
0-0: Ball 1-0: Foul Ball, location: 2F 1-1: Foul Ball, location: 2F 1-2: Ball 2-2: Strikes out looking
|
Batting: RHB Sergio Márquez
|
0-0: Ball 1-0: Foul Ball, location: 2F 1-1: Fly out, F9 (Flyball, 9LM)
|
Top of the 1st over - 0 run(s), 0 hit(s), 0 error(s), 0 left on base; Nashville 0 - Kalamazoo 0 |
BOTTOM OF THE 1ST |
Kalamazoo Royale with Cheese batting - Pitching for Nashville G-Strings : RHP Bennie Jones
|
Pitching: RHP Bennie Jones
|
|
Batting: RHB Andy Aiton
|
0-0: Swinging Strike 0-1: Foul Ball, location: 2F 0-2: SINGLE (Line Drive, 8LS)
|
Batting: LHB Doyle Otterburn
|
0-0: Ball 1-0: Called Strike 1-1: Ball 2-1: Fly out, F8 (Flyball, 78D)
|
Batting: LHB Tom Blake
|
0-0: Ball 1-0: Ball 2-0: Ball 3-0: Called Strike 3-1: Base on Balls Andy Aiton to second
|
Batting: LHB Donovan Bird
|
0-0: Ball 1-0: Ball 2-0: Foul Ball, location: 2F 2-1: Swinging Strike 2-2: Hit by Pitch Andy Aiton to third Tom Blake to second
|
Batting: LHB Roberto Sandoval
|
0-0: Ball 1-0: Ball 2-0: Ball 3-0: Called Strike 3-1: Foul Ball, location: 2F 3-2: DOUBLE (Line Drive, 7D) Andy Aiton scores Tom Blake scores Donovan Bird to third Runner from 3rd tries for Home, SAFE, no throw
|
Batting: RHB Tae-kwon Kwon
|
0-0: Ball 1-0: Fly out, F7 (Line Drive, 7)
|
Batting: LHB Bill McJannett
|
0-0: Called Strike 0-1: Ball 1-1: Swinging Strike 1-2: Fly out, F7 (Flyball, 7LSF)
|
Bottom of the 1st over - 3 run(s), 2 hit(s), 0 error(s), 1 left on base; Nashville 0 - Kalamazoo 3 |
TOP OF THE 2ND |
Nashville G-Strings batting - Pitching for Kalamazoo Royale with Cheese : RHP Jason Taylor
|
Batting: RHB Vicente Aguirre
|
0-0: Called Strike 0-1: Ball 1-1: Ball 2-1: Foul Ball, location: 2F 2-2: Strikes out swinging
|
Batting: RHB António Ortega
|
0-0: Called Strike 0-1: Ball 1-1: Called Strike 1-2: Fly out, F2 (Popup, 23)
|
Batting: SHB Rob Grun
|
0-0: Called Strike 0-1: Ball 1-1: Foul Ball, location: 2F 1-2: Fly out, F9 (Flyball, 9S)
|
Top of the 2nd over - 0 run(s), 0 hit(s), 0 error(s), 0 left on base; Nashville 0 - Kalamazoo 3 |
BOTTOM OF THE 2ND |
Kalamazoo Royale with Cheese batting - Pitching for Nashville G-Strings : RHP Bennie Jones
|
Batting: RHB Jorge Márquez
|
0-0: Called Strike 0-1: Ground out 5-3 (Groundball, 5L)
|
Batting: RHB Pedro Rosado
|
0-0: Ball 1-0: Foul Ball, location: 2F 1-1: Foul Ball, location: 2F 1-2: Ground out 5-3 (Groundball, 56)
|
Batting: RHB Andy Aiton
|
0-0: Foul Ball, location: 2F 0-1: Foul Ball, location: 2F 0-2: Fly out, F2 (Popup, 15)
|
Bottom of the 2nd over - 0 run(s), 0 hit(s), 0 error(s), 0 left on base; Nashville 0 - Kalamazoo 3 |
TOP OF THE 3RD |
Nashville G-Strings batting - Pitching for Kalamazoo Royale with Cheese : RHP Jason Taylor
|
Batting: SHB Martín Medina
|
0-0: Swinging Strike 0-1: Ball 1-1: Foul Ball, location: 2F 1-2: DOUBLE (Flyball, 7LM)
|
Batting: RHB Javier Deleón
|
0-0: Called Strike 0-1: Ball 1-1: Foul Ball, location: 2F 1-2: Ball 2-2: Strikes out swinging
|
Batting: RHB Will Brown
|
0-0: Foul Ball, location: 2F 0-1: Foul Ball, location: 2F 0-2: Strikes out swinging
|
Batting: SHB Jorge Flores
|
0-0: SINGLE (Flyball, 7S) Martín Medina to third Runner from 3rd tries for Home, SAFE, no throw
|
Batting: LHB Jesús Núñez
|
0-0: Ball 1-0: DOUBLE (Line Drive, 9LM) Jorge Flores to third Runner from 3rd tries for Home, SAFE, no throw
|
Batting: RHB Sergio Márquez
|
0-0: Ball 1-0: Foul Ball, location: 2F 1-1: Called Strike 1-2: Foul Ball, location: 2F 1-2: Ball 2-2: SINGLE (Line Drive, 89S) Jesús Núñez to third Runner from 3rd tries for Home, SAFE, no throw
|
Batting: RHB Vicente Aguirre
|
0-0: Foul Ball, location: 2F 0-1: Ball 1-1: Ground out 1-3 (Groundball, 13S)
|
Top of the 3rd over - 3 run(s), 4 hit(s), 0 error(s), 1 left on base; Nashville 3 - Kalamazoo 3 |
BOTTOM OF THE 3RD |
Kalamazoo Royale with Cheese batting - Pitching for Nashville G-Strings : RHP Bennie Jones
|
Batting: LHB Doyle Otterburn
|
0-0: Ground out U3 (Groundball, 3)
|
Batting: LHB Tom Blake
|
0-0: Ball 1-0: Ball 2-0: SINGLE (Groundball, 34D)
|
Batting: LHB Donovan Bird
|
0-0: Called Strike 0-1: Ball Wild Pitch! Tom Blake to second 1-1: Foul Ball, location: 2F 1-2: Ball 2-2: Ground out 3-1 (Groundball, 34) Tom Blake to third
|
Batting: LHB Roberto Sandoval
|
0-0: Called Strike 0-1: Ball 1-1: Ball 2-1: Swinging Strike 2-2: Foul Ball, location: 2F 2-2: Ground out 4-3 (Groundball, 4)
|
Bottom of the 3rd over - 0 run(s), 1 hit(s), 0 error(s), 1 left on base; Nashville 3 - Kalamazoo 3 |
TOP OF THE 4TH |
Nashville G-Strings batting - Pitching for Kalamazoo Royale with Cheese : RHP Jason Taylor
|
Batting: RHB António Ortega
|
0-0: Ball 1-0: Foul Ball, location: 2F 1-1: Foul Ball, location: 2F 1-2: Strikes out swinging
|
Batting: SHB Rob Grun
|
0-0: Ball 1-0: Foul Ball, location: 2F 1-1: Foul Ball, location: 2F 1-2: Strikes out swinging
|
Batting: SHB Martín Medina
|
0-0: Foul Ball, location: 2F 0-1: Ball 1-1: Fly out, F9 (Flyball, 9D)
|
Top of the 4th over - 0 run(s), 0 hit(s), 0 error(s), 0 left on base; Nashville 3 - Kalamazoo 3 |
BOTTOM OF THE 4TH |
Kalamazoo Royale with Cheese batting - Pitching for Nashville G-Strings : RHP Bennie Jones
|
Batting: RHB Tae-kwon Kwon
|
0-0: Ball 1-0: Reached via error on a dropped throw, E3
|
Batting: LHB Bill McJannett
|
0-0: Ball 1-0: Fielders Choice at 2nd, 4-6 (Groundball, 34)
|
Batting: RHB Jorge Márquez
|
0-0: Called Strike 0-1: Swinging Strike 0-2: SINGLE (Groundball, 6D) Bill McJannett to second
|
Batting: RHB Pedro Rosado
|
0-0: Ball 1-0: Called Strike 1-1: Foul Ball, location: 2F 1-2: Ball 2-2: Ground out U3 (Groundball, 3S) Bill McJannett to third Jorge Márquez to second
|
Batting: RHB Andy Aiton
|
0-0: Foul Ball, location: 2F 0-1: Ball 1-1: Called Strike 1-2: SINGLE (Groundball, 5D) Bill McJannett scores Jorge Márquez to third Runner from 3rd tries for Home, SAFE, no throw
|
Batting: LHB Doyle Otterburn
|
0-0: Swinging Strike 0-1: Swinging Strike 0-2: Strikes out swinging
|
Bottom of the 4th over - 2 run(s), 2 hit(s), 1 error(s), 1 left on base; Nashville 3 - Kalamazoo 5 |
TOP OF THE 5TH |
Nashville G-Strings batting - Pitching for Kalamazoo Royale with Cheese : RHP Jason Taylor
|
Batting: RHB Javier Deleón
|
0-0: Ball 1-0: Foul Ball, location: 2F 1-1: TRIPLE (Flyball, 89XD)
|
Batting: RHB Will Brown
|
0-0: Swinging Strike 0-1: Swinging Strike 0-2: Ball Wild Pitch! Javier Deleón scores 1-2: Fly out, F8 (Flyball, 8LXD)
|
Batting: SHB Jorge Flores
|
0-0: Ball 1-0: Ground out U3 (Groundball, 34)
|
Batting: LHB Jesús Núñez
|
0-0: Ground out 1-3 (Groundball, P)
|
Top of the 5th over - 1 run(s), 1 hit(s), 0 error(s), 0 left on base; Nashville 4 - Kalamazoo 5 |
BOTTOM OF THE 5TH |
Kalamazoo Royale with Cheese batting - Pitching for Nashville G-Strings : RHP Bennie Jones
|
Batting: LHB Tom Blake
|
0-0: Foul Ball, location: 2F 0-1: Foul Ball, location: 2F 0-2: Ball 1-2: Ball 2-2: Ground out 4-3 (Groundball, 4)
|
Batting: LHB Donovan Bird
|
0-0: Fly out, F8 (Flyball, 8RS)
|
Batting: LHB Roberto Sandoval
|
0-0: Ball 1-0: Ball 2-0: Called Strike 2-1: Swinging Strike 2-2: Strikes out looking
|
Bottom of the 5th over - 0 run(s), 0 hit(s), 0 error(s), 0 left on base; Nashville 4 - Kalamazoo 5 |
TOP OF THE 6TH |
Nashville G-Strings batting - Pitching for Kalamazoo Royale with Cheese : LHP Carlos Thomas
|
Pitching: LHP Carlos Thomas
|
|
Batting: RHB Sergio Márquez
|
0-0: Foul Ball, location: 2F 0-1: Ball 1-1: SINGLE (Groundball, 6MD)
|
Batting: RHB Vicente Aguirre
|
0-0: Called Strike 0-1: Ball 1-1: Foul Ball, location: 2F 1-2: Foul Ball, location: 2F 1-2: Foul Ball, location: 2F 1-2: Ball 2-2: Foul Ball, location: 2F 2-2: SINGLE (Groundball, 56D) Sergio Márquez to second
|
Batting: RHB António Ortega
|
0-0: Fly out, F8 (Flyball, 8LM)
|
Batting: SHB Rob Grun
|
0-0: SINGLE (Groundball, 6MD) Sergio Márquez to third Vicente Aguirre to second
|
Batting: SHB Martín Medina
|
0-0: Called Strike 0-1: Fly out, F3 (Popup, 3S)
|
Batting: RHB Javier Deleón
|
0-0: Ball 1-0: Ball 2-0: Ball 3-0: Ground out 5-3 (Groundball, 5S)
|
Top of the 6th over - 0 run(s), 3 hit(s), 0 error(s), 3 left on base; Nashville 4 - Kalamazoo 5 |
BOTTOM OF THE 6TH |
Kalamazoo Royale with Cheese batting - Pitching for Nashville G-Strings : RHP Bennie Jones
|
Batting: RHB Tae-kwon Kwon
|
0-0: Ball 1-0: Ball 2-0: Ground out 6-3 (Groundball, 6S)
|
Batting: LHB Bill McJannett
|
0-0: Foul Ball, location: 2F 0-1: Called Strike 0-2: Ball 1-2: Fly out, F7 (Flyball, 78S)
|
Batting: RHB Jorge Márquez
|
0-0: Ball 1-0: Ball 2-0: Called Strike 2-1: Ball 3-1: Ground out 6-3 (Groundball, 56)
|
Bottom of the 6th over - 0 run(s), 0 hit(s), 0 error(s), 0 left on base; Nashville 4 - Kalamazoo 5 |
TOP OF THE 7TH |
Nashville G-Strings batting - Pitching for Kalamazoo Royale with Cheese : LHP Carlos Thomas
|
Batting: RHB Will Brown
|
0-0: Swinging Strike 0-1: Ball 1-1: Ball 2-1: Fly out, F6 (Line Drive, 56)
|
Batting: SHB Jorge Flores
|
0-0: Called Strike 0-1: Foul Ball, location: 2F 0-2: Strikes out swinging
|
Batting: LHB Jesús Núñez
|
0-0: Ground out 4-3 (Groundball, 4)
|
Top of the 7th over - 0 run(s), 0 hit(s), 0 error(s), 0 left on base; Nashville 4 - Kalamazoo 5 |
BOTTOM OF THE 7TH |
Kalamazoo Royale with Cheese batting - Pitching for Nashville G-Strings : RHP Bennie Jones
|
Batting: RHB Pedro Rosado
|
0-0: Ball 1-0: Ball 2-0: Ball 3-0: Called Strike 3-1: Called Strike 3-2: Foul Ball, location: 2F 3-2: Foul Ball, location: 2F 3-2: SINGLE (Groundball, 4MD)
|
Batting: RHB Andy Aiton
|
0-0: Called Strike 0-1: Ball 1-1: Bunted foul 1-2: Foul Ball, location: 2F 1-2: Ball 2-2: Grounds into double play, 6-4-3 (Groundball, 56)
|
Batting: LHB Doyle Otterburn
|
0-0: Ball 1-0: Called Strike 1-1: Ball 2-1: Ball 3-1: Foul Ball, location: 2F 3-2: Foul Ball, location: 2F 3-2: Strikes out swinging
|
Bottom of the 7th over - 0 run(s), 1 hit(s), 0 error(s), 0 left on base; Nashville 4 - Kalamazoo 5 |
TOP OF THE 8TH |
Nashville G-Strings batting - Pitching for Kalamazoo Royale with Cheese : LHP Carlos Thomas
|
Pitching: RHP Armen Boyajian
|
|
Batting: RHB Sergio Márquez
|
0-0: Ball 1-0: Foul Ball, location: 2F 1-1: Fly out, F6 (Popup, 6)
|
Batting: RHB Vicente Aguirre
|
0-0: Swinging Strike 0-1: Foul Ball, location: 2F 0-2: Ball 1-2: Foul Ball, location: 2F 1-2: Strikes out swinging
|
Batting: RHB António Ortega
|
0-0: SINGLE (Popup, 4D)
|
Pinch Runner at 1st Greg King:
|
|
Batting: SHB Rob Grun
|
0-0: Ball Greg King steals 2nd base 1-0: Called Strike 1-1: Ball 2-1: Ball 3-1: Reached on error, E4 (Groundball, 4) Greg King scores
|
Pinch Hitting: LHB George Smith
|
0-0: Ball 1-0: Ball 2-0: Swinging Strike 2-1: Foul Ball, location: 2F 2-2: Ball 3-2: Strikes out looking
|
Top of the 8th over - 1 run(s), 1 hit(s), 1 error(s), 1 left on base; Nashville 5 - Kalamazoo 5 |
BOTTOM OF THE 8TH |
Kalamazoo Royale with Cheese batting - Pitching for Nashville G-Strings : RHP Bennie Jones
|
Pitching: RHP Ramiro Rivera
|
|
Now in RF: George Smith
|
|
Batting: LHB Tom Blake
|
0-0: Fly out, F8 (Flyball, 8RD)
|
Pitching: LHP Carlos Berru
|
|
Batting: LHB Donovan Bird
|
0-0: Foul Ball, location: 2F 0-1: Foul Ball, location: 2F 0-2: Ball 1-2: Foul Ball, location: 2F 1-2: Ball 2-2: Ball 3-2: Foul Ball, location: 2F 3-2: Base on Balls
|
Pitching: LHP Raúl Sandoval
|
|
Pinch Hitting: RHB Felipe Rivera
|
0-0: Called Strike 0-1: SINGLE (Line Drive, 8RS) Donovan Bird to second
|
Batting: RHB Tae-kwon Kwon
|
0-0: Swinging Strike 0-1: Ball 1-1: Sac Bunt - play at first, batter OUT! 5-4 Donovan Bird to third Felipe Rivera to second
|
Pinch Hitting: RHB Miguel Encarnación
|
0-0: Foul Ball, location: 2F 0-1: Ball 1-1: Swinging Strike 1-2: Ball 2-2: Ball 3-2: Foul Ball, location: 2F 3-2: Strikes out swinging
|
Bottom of the 8th over - 0 run(s), 1 hit(s), 0 error(s), 2 left on base; Nashville 5 - Kalamazoo 5 |
TOP OF THE 9TH |
Nashville G-Strings batting - Pitching for Kalamazoo Royale with Cheese : RHP Armen Boyajian
|
Pitching: LHP Morgan McDormand
|
|
Now at 3B: Miguel Encarnación
|
|
Now in LF: Felipe Rivera
|
|
Batting: RHB Javier Deleón
|
0-0: Called Strike 0-1: Ball 1-1: Ball 2-1: Foul Ball, location: 2F 2-2: Foul Ball, location: 2F 2-2: Foul Ball, location: 2F 2-2: Foul Ball, location: 2F 2-2: Ball 3-2: Fly out, F8 (Flyball, 78M)
|
Batting: RHB Will Brown
|
0-0: Called Strike 0-1: Ball 1-1: Swinging Strike 1-2: Foul Ball, location: 2F 1-2: Ground out 1-3 (Groundball, 13)
|
Batting: SHB Jorge Flores
|
0-0: Called Strike 0-1: Ball 1-1: Called Strike 1-2: Foul Ball, location: 2F 1-2: Ground out 1-3 (Groundball, 13S)
|
Top of the 9th over - 0 run(s), 0 hit(s), 0 error(s), 0 left on base; Nashville 5 - Kalamazoo 5 |
BOTTOM OF THE 9TH |
Kalamazoo Royale with Cheese batting - Pitching for Nashville G-Strings : LHP Raúl Sandoval
|
Batting: RHB Jorge Márquez
|
0-0: Called Strike 0-1: Ball 1-1: Ground out 6-3 (Groundball, 6)
|
Batting: RHB Pedro Rosado
|
0-0: Swinging Strike 0-1: Ball 1-1: Hit by Pitch
|
Batting: RHB Andy Aiton
|
0-0: Ball 1-0: Ball 2-0: Called Strike 2-1: Swinging Strike 2-2: Fly out, F9 (Flyball, 9D)
|
Batting: LHB Doyle Otterburn
|
0-0: Ball 1-0: Called Strike 1-1: Foul Ball, location: 2F 1-2: Strikes out swinging
|
Bottom of the 9th over - 0 run(s), 0 hit(s), 0 error(s), 1 left on base; Nashville 5 - Kalamazoo 5 |
TOP OF THE 10TH |
Nashville G-Strings batting - Pitching for Kalamazoo Royale with Cheese : LHP Morgan McDormand
|
Batting: LHB Jesús Núñez
|
0-0: Ball 1-0: Ball 2-0: Swinging Strike 2-1: Fly out, F9 (Flyball, 9S)
|
Batting: RHB Sergio Márquez
|
0-0: Ground out 6-3 (Groundball, 6)
|
Batting: RHB Vicente Aguirre
|
0-0: Swinging Strike 0-1: Foul Ball, location: 2F 0-2: Ball 1-2: Strikes out swinging
|
Top of the 10th over - 0 run(s), 0 hit(s), 0 error(s), 0 left on base; Nashville 5 - Kalamazoo 5 |
BOTTOM OF THE 10TH |
Kalamazoo Royale with Cheese batting - Pitching for Nashville G-Strings : LHP Raúl Sandoval
|
Batting: LHB Tom Blake
|
0-0: Foul Ball, location: 2F 0-1: Swinging Strike 0-2: Ground out 3-1 (Groundball, 34)
|
Batting: LHB Donovan Bird
|
0-0: Called Strike 0-1: Ground out 4-3 (Groundball, 4M)
|
Pitching: RHP Junior Mateo
|
|
Batting: RHB Felipe Rivera
|
0-0: Ball 1-0: Ball 2-0: Ball 3-0: Called Strike 3-1: Foul Ball, location: 2F 3-2: Foul Ball, location: 2F 3-2: Ground out 4-3 (Groundball, 4M)
|
Bottom of the 10th over - 0 run(s), 0 hit(s), 0 error(s), 0 left on base; Nashville 5 - Kalamazoo 5 |
TOP OF THE 11TH |
Nashville G-Strings batting - Pitching for Kalamazoo Royale with Cheese : LHP Morgan McDormand
|
Batting: RHB Greg King
|
0-0: Called Strike 0-1: Ball 1-1: Foul Ball, location: 2F 1-2: Ball 2-2: Foul Ball, location: 2F 2-2: Ball 3-2: Strikes out swinging
|
Batting: SHB Rob Grun
|
0-0: Called Strike 0-1: Swinging Strike 0-2: Foul Ball, location: 2F 0-2: Strikes out swinging
|
Batting: LHB George Smith
|
0-0: Called Strike 0-1: Ball 1-1: Called Strike 1-2: Ball 2-2: Fly out, F8 (Flyball, 8LD)
|
Top of the 11th over - 0 run(s), 0 hit(s), 0 error(s), 0 left on base; Nashville 5 - Kalamazoo 5 |
BOTTOM OF THE 11TH |
Kalamazoo Royale with Cheese batting - Pitching for Nashville G-Strings : RHP Junior Mateo
|
Batting: RHB Tae-kwon Kwon
|
0-0: Called Strike 0-1: SINGLE (Line Drive, 9S)
|
Batting: RHB Miguel Encarnación
|
0-0: SINGLE (Groundball, 34D) Tae-kwon Kwon to second Runner from 2nd tries for 3rd, SAFE, throw made to third
|
Batting: RHB Jorge Márquez
|
0-0: Foul Ball, location: 2F 0-1: Swinging Strike 0-2: Foul Ball, location: 2F 0-2: Foul Ball, location: 2F 0-2: Ball 1-2: Strikes out swinging
|
Batting: RHB Pedro Rosado
|
0-0: Called Strike 0-1: Foul Ball, location: 2F 0-2: Fly out, F7 (Flyball, 7) Runner from 3rd tags up, SCORES, no throw
|
Tuesday, August 8th, 2017 - OOTP Baseball 17.12 Build 75
|
|